 Dungeon Crawl Stone Soup version 0.29-a0-243-g602b31c20e (webtiles) character file.

Game seed: 3575575756936369864

210 timneilson the Shield-Bearer (level 5, -4/33 HPs)
             Began as a Gargoyle Fighter on Mar 4, 2022.
             Killed from afar by an orc wizard (6 damage)
             ... with a magic dart
             ... on level 4 of the Dungeon.
             The game lasted 00:05:05 (3562 turns).

timneilson the Shield-Bearer (Gargoyle Fighter)     Turns: 3562, Time: 00:05:06

Health: -4/33      AC: 11    Str: 21    XL:     5   Next: 88%
Magic:  5/5        EV:  9    Int:  9    God:
Gold:   1350       SH:  4    Dex:  9    Spells: 4/4 levels left

rFire   . . .      SeeInvis .   a - +1 long sword (drain)
rCold   . . .      Faith    .   c - +0 buckler
rNeg    + . .      Spirit   .   b - +0 scale mail
rPois   ∞          Reflect  .   (no helmet)
rElec   +          Harm     .   (no cloak)
rCorr   .          Rampage  .   (no gloves)
Will    .....                   (no boots)
Stlth   ..........              (no amulet)
HPRegen 0.11/turn               (no ring)
MPRegen 0.09/turn               (no ring)

@: no status effects
A: sickness immunity, AC +4, negative energy resistance 1, electricity
resistance, torment resistance 1, petrification resistance
a: no special abilities


You were on level 4 of the Dungeon.
You visited 1 branch of the dungeon, and saw 4 of its levels.

You collected 1350 gold pieces.

Inventory:

Hand Weapons
 a - a +1 long sword of draining (weapon)
Armour
 b - a +0 scale mail (worn)
 c - a +0 buckler (worn)
Wands
 j - a wand of iceblast (9)
Potions
 d - a potion of might
 f - 2 potions of heal wounds
 g - a potion of curing
 l - a potion of cancellation {unknown}


   Skills:
 + Level 4.0 Fighting
 * Level 3.0 Long Blades
 * Level 4.4 Armour
 + Level 1.1 Dodging
 * Level 4.5 Shields
 + Level 0.0 Evocations


You had 4 spell levels left.
You didn't know any spells.
Your spell library was empty.

Dungeon Overview and Level Annotations

Branches:
Dungeon (4/15)
 Temple: D:4-7

Altars:


Innate Abilities, Weirdness & Mutations

You are immune to sickness and miasma.
Your stone body is resilient. (AC +4)
You are immune to poison.
You resist negative energy. (rN+)
You are resistant to electric shocks. (rElec)
You are resistant to unholy torment.
You are immune to petrification.


Message History

The puff of flame hits you.
You see here a red potion.
The orc wizard gestures wildly while chanting.
The orc wizard flickers and vanishes!
Deactivating autopickup; reactivate with Ctrl-A.
The orc priest calls down the wrath of Beogh upon you.
Beogh smites you!
The orc priest looks braver for a moment.
You see here a +0 ring mail.
You are confused.
You bump into the rock wall.
You bump into the rock wall.
You're too confused to move!
You feel less confused.
You miss something. Something hits you. Something hits you but does no damage.
You miss something.
The orc priest mumbles some strange prayers to Beogh against you.
Something writhes in agony.
Something hits you but does no damage.
You barely miss something. Something hits you but does no damage.
You closely miss something. Something hits you but does no damage.
You hit something but do no damage. Something hits you but does no damage.
Something completely misses you.
You hit something. Something hits you but does no damage.
You miss something.
The orc priest calls down the wrath of Beogh upon you.
Beogh smites you!
You hear some strange, mumbled words.
A magic dart appears from out of thin air!
The magic dart hits you.
* * * LOW HITPOINT WARNING * * *
You feel better. Something hits you.
You barely miss something. Something hits you but does no damage.
The orc priest mumbles some strange prayers to Beogh against you.
Beogh smites you!
* * * LOW HITPOINT WARNING * * *
You hit something. Something hits you but does no damage.
You hear some strange, mumbled words.
A magic dart appears from out of thin air!
The magic dart hits you.
You die...

#.# #.# #o# #.# #.####
#....### ##.....#
#######.###.# #..>.@{o#
#.# #.#####.###.# #.#
#.....# #.# #######
#..###.#########
#.............#
#..###....####.##########
.. ####.# #..........#
#######.#######.#####.#


You could see an orc priest.

Vanquished Creatures
  Natasha (thrice) (D:3)
  6 adders
  4 dart slugs
  6 orcs (D:3)
  6 bats
  6 endoplasms
  2 giant cockroaches
  5 goblins
  5 hobgoblins
  6 jackals
  8 ball pythons
  5 frilled lizards
  5 kobolds
  4 rats
71 creatures vanquished.

Notes
Turn   | Place    | Note
-------+----------+-------------------------------------------
     0 | D:1      | timneilson the Gargoyle Fighter began the quest for the
                  | Orb.
     0 | D:1      | Reached XP level 1. HP: 14/14 MP: 1/1
   239 | D:1      | Reached XP level 2. HP: 19/19 MP: 2/2
   914 | D:1      | Reached XP level 3. HP: 23/23 MP: 3/3
  1100 | D:1      | Found a faded altar of an unknown god.
  1641 | D:2      | Reached XP level 4. HP: 26/28 MP: 4/4
  2451 | D:3      | Noticed Natasha
  2458 | D:3      | Killed Natasha
  2544 | D:3      | Reached XP level 5. HP: 33/33 MP: 5/5
  2607 | D:3      | Noticed Natasha
  2623 | D:3      | Killed Natasha
  2624 | D:3      | Reached skill level 1 in Dodging
  3035 | D:3      | Noticed Natasha
  3043 | D:3      | Killed Natasha
  3377 | D:3      | Identified a scroll of acquirement
  3422 | D:3      | Acquired 1150 gold pieces
  3562 | D:4      | Killed from afar by an orc wizard

Illustrated notes

Levels and vault maps discovered:
D:1:      dpeg_arrival_renting, layout_basic, basic_ecumenical_altar
D:2:      layout_loops_corners, minivault_25
D:3:      layout_loops_cross, serial_co_window_serial, co_window_paths_b,
          co_window_paths_a, co_window_corner_a, co_window_paths_a,
          co_window_corner_a, co_window_corner_ca, co_window_corner_b,
          co_window_broadway_a, co_window_of_opportunity_b, co_window_corner_b,
          skrybe_limestone_x, uniq_natasha
D:4:      layout_loops_ring, lemuel_old_faithful

Skill      XL: |  1  2  3  4  5 |
---------------+----------------+-----
Long Blades    | 2 3 |  3.0
Shields        | 4 |  4.5
Armour         | 4 |  4.4
Dodging        | 1 |  1.1
Fighting       | 4 |  4.0

Action                   |  1- 3 |  4- 6 || total
-------------------------+-------+-------++-------
Melee: Long sword        |   112 |   145 ||   257
  Use: Scroll            |     2 |     9 ||    11
       Potion            |       |     1 ||     1
Armor: Scale mail        |    73 |    84 ||   157
Dodge: Dodged            |    64 |    51 ||   115
Block: Buckler           |    31 |    27 ||    58

Table legend: (Time is in decaauts)
 A = Elapsed time spent in this place.
 B = Non-inter-level travel time spent in this place.
 C = Inter-level travel time spent in this place.
 D = Time resting spent in this place.
 E = Time spent auto-exploring this place.
 F = Levels seen in this place.
 G = Mean time per level.
                   A        B        C        D        E       F      G
               +--------+--------+--------+--------+--------+-----+--------+
         Total |   3641 |   3592 |     49 |      0 |   2900 |   4 |  910.2 |
       Dungeon |   3641 |   3592 |     49 |      0 |   2900 |   4 |  910.2 |
               +--------+--------+--------+--------+--------+-----+--------+

Top non-repeatable levels by time:
     D:1: 1293 daAuts
     D:2: 1202 daAuts
     D:3: 1006 daAuts
     D:4: 138 daAuts
